Map: Deathaura LE

Players

Dark - Winner!

  • Race: Zerg Zerg
  • Spawn Location: 11:00

Serral

  • Race: Zerg Zerg
  • Spawn Location: 5:00

Event: IEM Katowice 2021

VOD

Have the link to the VOD?

Description

Time

  • Played on: Feb. 23, 2021, 10:02 a.m.
  • Length: 7:51

All games in this series

Show
View Real Time Build Order
Export as new Build Order

Dark Zerg - Winner!

Build Orders: Hatch First 

Get SALT Encoding   

  12  0:00  Drone  
  13  0:12  Overlord  
  13  0:18  Drone  
  14  0:30  Drone x2  
  16  0:47  Hatchery  
  15  0:52  Drone  
  15  0:56  Drone  
  17  0:59  Drone  
  18  1:06  Extractor  
  17  1:14  Spawning Pool  
  17  1:17  Drone  
  17  1:20  Drone  
  18  1:29  Drone  
  19  1:40  Drone  
  20  1:50  Drone  
  22  2:01  Drone, Queen x2  
  22  2:03  Drone  
  22  2:06  Metabolic Boost  
  27  2:11  Overlord  
  27  2:15  Drone  
  28  2:29  Zergling x2  
  29  2:31  Drone  
  29  2:33  Drone  
  29  2:35  Hatchery  
  30  2:40  Queen  
  32  2:45  Overlord  
  32  2:51  Zergling x2  
  32  2:52  Zergling x2  
  32  2:57  Zergling x4  
  36  3:11  Zergling x14  
  36  3:12  Zergling x2  
  44  3:20  Overlord  
  44  3:23  Overlord  
  44  3:29  Overlord  
  44  3:36  Baneling Nest  
  43  3:45  Drone x4  
  47  3:50  Drone x2  
  47  3:51  Drone x2  
  51  3:56  Drone  
  51  3:59  Drone  
  51  4:01  Drone x2  
  53  4:09  Zergling x8  
  52  4:15  Zergling x2  
  52  4:16  Zergling x2  
  52  4:20  Extractor  
  52  4:21  Zergling x2  
  52  4:27  Lair  
  52  4:29  Baneling  
  52  4:30  Evolution Chamber, Drone x2  
  53  4:31  Drone  
  53  4:36  Drone  
  53  4:38  Drone x3  
  58  4:41  Drone x3  
  58  4:44  Drone  
  62  4:48  Overlord  
  62  4:49  Drone  
  63  4:55  Extractor  
  63  4:56  Extractor, Baneling  
  63  4:57  Zerg Melee Weapons Level 1  
  63  4:58  Drone x2  
  63  5:02  Baneling x2  
  63  5:08  Zergling x14  
  63  5:13  Drone x2  
  72  5:15  Overlord  
  72  5:16  Drone x2  
  72  5:19  Drone  
  74  5:35  Zergling x14, Baneling x2  
  72  5:39  Spire  
  72  5:41  Zergling x10  
  80  5:47  Zergling x4  
  77  5:59  Drone  
  77  6:00  Drone x4  
  77  6:01  Spine Crawler  
  77  6:02  Zergling x2, Spine Crawler, Extractor  
  77  6:03  Zergling x4  
  77  6:04  Extractor  
  77  6:07  Zergling x6  
  80  6:12  Overlord  
  80  6:16  Spine Crawler  
  78  6:24  Zergling x12  
  82  6:32  Zergling x2  
  82  6:33  Zergling x8  
  82  6:36  Zergling x2  
  82  6:37  Zergling x10  
  86  6:52  Mutalisk x5  
  88  7:04  Mutalisk x4  
  87  7:11  Mutalisk  
  87  7:12  Mutalisk  
  87  7:13  Zergling x2  
  85  7:17  Mutalisk  
  85  7:19  Mutalisk  
  83  7:24  Mutalisk  
Show
View Real Time Build Order
Export as new Build Order

Serral Zerg 

Build Orders: Hatch First 

Get SALT Encoding   

  12  0:00  Drone  
  13  0:12  Overlord  
  13  0:16  Drone  
  14  0:30  Drone x2  
  16  0:48  Hatchery  
  15  0:51  Drone  
  15  0:54  Drone  
  17  0:57  Drone  
  18  1:08  Extractor  
  17  1:13  Spawning Pool  
  17  1:16  Drone  
  17  1:19  Drone  
  18  1:28  Drone  
  19  1:38  Drone  
  20  1:49  Drone  
  21  1:59  Queen x2  
  21  2:00  Zergling x2  
  21  2:01  Overlord  
  26  2:08  Metabolic Boost  
  26  2:10  Drone  
  26  2:11  Drone  
  28  2:21  Drone  
  28  2:22  Drone  
  30  2:32  Hatchery  
  30  2:35  Drone  
  30  2:37  Drone  
  31  2:46  Baneling Nest, Drone  
  31  2:49  Overlord  
  31  2:53  Drone  
  31  2:54  Zergling x2  
  33  3:04  Zergling x2  
  33  3:05  Drone  
  35  3:10  Drone x3  
  35  3:12  Zergling x2, Drone  
  40  3:14  Overlord  
  40  3:19  Zergling x2  
  41  3:20  Zergling x2  
  41  3:24  Queen  
  43  3:29  Baneling  
  43  3:32  Baneling  
  43  3:33  Zergling x4  
  45  3:41  Drone x3  
  48  3:43  Zergling x2  
  48  3:44  Drone  
  48  3:45  Drone  
  48  3:46  Drone  
  52  3:50  Drone  
  52  3:53  Overlord  
  53  4:00  Zergling x2  
  53  4:01  Zergling x2  
  53  4:06  Zergling x2  
  53  4:07  Zergling x4  
  52  4:12  Evolution Chamber  
  52  4:16  Drone x2  
  50  4:20  Roach Warren  
  50  4:21  Baneling  
  50  4:24  Lair  
  49  4:25  Zergling x4, Extractor  
  49  4:26  Extractor  
  49  4:29  Drone x2  
  51  4:36  Drone  
  51  4:38  Zerg Missile Weapons Level 1  
  52  4:41  Drone x5  
  52  4:45  Overlord  
  57  4:46  Extractor, Drone x2  
  57  4:48  Overlord  
  57  4:49  Drone  
  57  4:51  Overlord  
  59  4:55  Zergling x2  
  61  5:00  Drone x3  
  61  5:05  Overlord  
  63  5:08  Queen  
  63  5:13  Queen  
  67  5:15  Baneling x2  
  66  5:22  Roach  
  66  5:23  Roach x2  
  72  5:34  Roach  
  72  5:35  Roach x4  
  75  5:41  Nydus Network  
  70  5:43  Roach  
  70  5:47  Ravager  
  73  5:51  Roach x2  
  73  5:56  Queen  
  75  5:59  Ravager  
  75  6:00  Roach x2  
  77  6:09  Queen  
  77  6:16  Queen  
  77  6:17  Nydus Canal  
  79  6:23  Overlord  
  79  6:28  Roach x2  
  79  6:32  Queen  
  85  6:35  Nydus Canal  
  85  6:36  Roach x2  
  85  6:38  Roach  
  87  6:41  Roach  
  87  6:45  Roach  
  83  6:56  Nydus Canal  
  83  6:57  Roach x2  
  83  7:00  Spore Crawler  
  86  7:03  Roach x2  
  86  7:04  Roach  
  86  7:05  Roach  
  86  7:07  Roach  
  84  7:12  Nydus Canal  
  84  7:13  Roach  
  74  7:22  Roach  
  72  7:23  Roach  
  72  7:26  Roach  
  76  7:34  Spore Crawler x2  
  74  7:38  Spore Crawler  
  74  7:39  Nydus Canal  
  74  7:43  Spore Crawler  

Tags
 
Add a new tag
Caveats
  • Supply blocks, unpowered buildings, or Contaminate may cause inaccurate times.
  • Supply counts are checked every 10 seconds.